 Dungeon Crawl Stone Soup version 0.30-a0-279-g4b46babb21 (webtiles) character file.

Game seed: 14678913742597412327

90073 ReploidZero the Markstengu (level 15, -4/104 HPs)
             Began as a Tengu Hunter on Oct 16, 2022.
             Was an Initiate of Gozag.
             Killed by the air
             ... invoked by a blizzard demon
              (13 damage)
             ... in an ice cave on Oct 17, 2022.
             The game lasted 01:05:28 (24210 turns).

ReploidZero the Markstengu (Tengu Hunter)          Turns: 24210, Time: 01:05:28

Health: -4/104     AC: 10    Str: 10    XL:     15   Next: 99%
Magic:  25/25      EV: 31    Int: 11    God:    Gozag
Gold:   2784       SH:  5    Dex: 24    Spells: 14/14 levels left

rFire   + + .      SeeInvis .    k - +3 arbalest (flame)
rCold   + . .      Faith    .    (shield currently unavailable)
rNeg    + . .      Spirit   .    P - +2 leather armour of Good Intentions {rPois rF+ MP+9}
rPois   +          Reflect  +    (helmet restricted)
rElec   +          Harm     .    I - +0 cloak
rCorr   .          Rampage  .    j - +2 pair of gloves
Will    +....      Clarity  +    (boots unavailable)
Stlth   +++.......               O - amulet of the Cricket {Reflect rElec rN+ Str-5 SH+5}
HPRegen 0.37/turn                g - ring of protection from cold
MPRegen 0.19/turn                t - ring "Fiturung" {rF+ Int+2 Stlth+}

@: flying quickly and evasively, quick
A: beak, talons 3, nimble flight, clarity, strong 1
a: Renounce Religion, Potion Petition, Call Merchant, Bribe Branch


You were in an ice cave.
You worshipped Gozag.
Gozag was most pleased with you.
You visited 4 branches of the dungeon, and saw 23 of its levels.
You also visited: Ossuary and Ice Cave.

You collected 7359 gold pieces.
You spent 2957 gold pieces at shops.
You paid 1618 gold pieces to Gozag.

Inventory:

Hand Weapons
 k - a +3 arbalest of flaming (weapon)
 M - a +0 vorpal longbow
Missiles
 h - 4 silver boomerangs
 K - a throwing net
Armour
 j - a +2 pair of gloves (worn)
 q - +0 ice dragon scales
 I - a +0 cloak (worn)
 P - the +2 leather armour of Good Intentions (worn) {rPois rF+ MP+9}
   (You bought it in a shop on level 13 of the Dungeon)

   rF:        It protects you from fire.
   rPois:     It protects you from poison.
   MP:        It affects your magic capacity (+9).
 S - the +4 scale mail of Wigeteenn {+Blink Will+ Dex+2}
   (You bought it in a shop on level 13 of the Dungeon)

   Dex:       It affects your dexterity (+2).
   +Blink:    It lets you blink.
   Will:      It increases your willpower.
Jewellery
 g - a ring of protection from cold (left hand)
 m - a ring of resist corrosion
 t - the ring "Fiturung" (right hand) {rF+ Int+2 Stlth+}
   (You found it on level 5 of the Dungeon)

   [ring of protection from fire]

   Int:       It affects your intelligence (+2).
   rF:        It protects you from fire.
   Stlth:     It makes you more stealthy.
 H - a +4 ring of protection
 O - the amulet of the Cricket (around neck) {Reflect rElec rN+ Str-5 SH+5}
   (You bought it in a shop on level 1 of the Orcish Mines)

   [amulet of reflection]

   It reflects blocked missile attacks.
   Str:       It affects your strength (-5).
   rElec:     It insulates you from electricity.
   rN:        It protects you from negative energy.
   SH:        It affects your SH (+5).
Wands
 i - a wand of quicksilver (13)
 n - a wand of roots (15)
 z - a wand of paralysis (11)
 B - a wand of flame (26)
 L - a wand of mindburst (8)
 N - a wand of digging (4)
Scrolls
 a - 11 scrolls of identify
 r - 4 scrolls of enchant armour
 w - 19 scrolls of teleportation
 x - 2 scrolls of poison
 y - 7 scrolls of magic mapping
 A - 2 scrolls of immolation
 D - 3 scrolls of enchant weapon
Potions
 b - 2 potions of ambrosia
 d - 3 potions of brilliance
 e - 4 potions of mutation
 f - 3 potions of magic
 l - 2 potions of berserk rage
 o - 3 potions of invisibility
 p - 6 potions of might
 s - 3 potions of haste
 u - 9 potions of curing
 v - 5 potions of attraction
 E - 2 potions of cancellation
 F - a potion of flight
Miscellaneous
 C - a phial of floods
 J - a box of beasts


   Skills:
 + Level 15.9 Fighting
 + Level 17.6 Ranged Weapons
 + Level 7.7 Armour
 + Level 17.2 Dodging
 - Level 1.0 Stealth


You had 14 spell levels left.
You didn't know any spells.
Your spell library contained the following spells:

 Spells                   Type           Power      Damage    Failure   Level
 Apportation              Tloc           0%         N/A       41%         1
 Kiss of Death            Conj/Necr      0%         2d5       41%         1
 Necrotise                Necr           0%         1d4       41%         1
 Sandblast                Erth           0%         2d4       41%         1
 Summon Small Mammal      Summ           0%         N/A       41%         1
 Cigotuvi's Dreadful Rot  Necr/Pois/Air  0%         N/A       56%         2
 Passwall                 Tmut/Erth      0%         N/A       56%         2
 Poisonous Vapours        Pois/Air       0%         N/A       56%         2
 Dazzling Flash           Conj/Hex       0%         N/A       80%         3
 Mephitic Cloud           Conj/Pois/Air  0%         N/A       80%         3
 Stone Arrow              Conj/Erth      0%         3d7       80%         3
 Iskenderun's Mystic Bla  Conj/Tloc      0%         2d3       99%         4
 Alistair's Intoxication  Tmut/Pois      0%         N/A       100%        5
 Borgnjor's Vile Clutch   Necr/Erth      0%         N/A       100%        5
 Freezing Cloud           Conj/Ice/Air   0%         6-21      100%        5
 Iskenderun's Battlesphe  Conj           0%         2d6       100%        5
 Yara's Violent Unravell  Hex/Tmut       0%         3d3       100%        5
 Eringya's Noxious Bog    Tmut/Pois      0%         N/A       100%        6
 Iron Shot                Conj/Erth      0%         9d1       100%        6
 Starburst                Conj/Fire      0%         6d3       100%        6
 Spellforged Servitor     Conj/Summ      0%         N/A       100%        7
 Discord                  Hex            0%         N/A       100%        8
 Polar Vortex             Ice            0%         N/A       100%        9
 Simulacrum               Ice/Necr       Unusable   N/A       N/A         6

Dungeon Overview and Level Annotations

Branches:
Dungeon (15/15)            Temple (1/1) D:7            Lair (5/5) D:11
 Shoals (0/4) Lair:3        Snake (0/4) Lair:3        Slime (0/5) Lair:4
    Orc (2/2) D:9             Elf (0/3) Orc:2        Vaults (0/5) D:13
Ossuary (visited)           IceCv (1/1)
 Depths: D:15

Altars:
Ashenzari
Cheibriados
Dithmenos
Elyvilon
Fedhas
Gozag
Hepliaklqana
Kikubaaqudgha
Makhleb
Nemelex Xobeh
Okawaru
Qazlal
Ru
Sif Muna
Trog
Uskayaw
Vehumet
Wu Jian
Xom
Yredelemnul
Zin
The Shining One
Jiyva

Shops:
D:1 *   D:10 *   D:13 ([   Orc:1 =   Orc:2 *(!:

Portals:
Pandemonium: Orc:2


Innate Abilities, Weirdness & Mutations

You have a beak for a mouth.
You have claws for feet.
Your magical nature lets you fly swiftly and evasively.
You possess an exceptional clarity of mind.
Your muscles are strong. (Str +4, Int/Dex -1)


Message History

Fire: k) +3 arbalest (flame)
Press: ? - help, Q - select action, (/) - cycle Shift-Dir - straight line, f/p - ice devil
Aim: an ice devil (heavily wounded, 75% to hit)
You shoot a bolt. The bolt hits the ice devil!!
The bolt burns the ice devil!
You kill the ice devil!
Unknown command.
A freezing wraith is nearby!
A freezing wraith is nearby!
Fire: k) +3 arbalest (flame)
Press: ? - help, Q - select action, (/) - cycle Shift-Dir - straight line, f - freezing wraith
Aim: a freezing wraith (75% to hit)
You shoot a bolt. The bolt hits the freezing wraith!!
The bolt burns the freezing wraith.
The freezing wraith is severely damaged.
Fire: k) +3 arbalest (flame)
Press: ? - help, Q - select action, (/) - cycle Shift-Dir - straight line, f - you
Okay, then.
The blizzard demon shouts!
Fire: k) +3 arbalest (flame)
Press: ? - help, Q - select action, (/) - cycle Shift-Dir - straight line, f/p - freezing wraith
Aim: a freezing wraith (severely damaged, 75% to hit)
You shoot a bolt. The bolt hits the freezing wraith!!
The bolt burns the freezing wraith.
You destroy the freezing wraith!
The blizzard demon gestures at you.
Unknown command.
Unknown command.
Okay, then.
You are engulfed in freezing vapours.
You resist.
* * * LOW HITPOINT WARNING * * *
Okay, then.
You are engulfed in freezing vapours.
You resist.
* * * LOW HITPOINT WARNING * * *
Really fly into that cloud of freezing vapour?
You are engulfed in freezing vapours.
You resist.
* * * LOW HITPOINT WARNING * * *
The blizzard demon waves its arms in wide circles.
The air twists around and strikes you!
You die...
Your body crumbles into a pile of gold.

##°#○ #.○○☼ ##.#°# #.###.
#.##.. ### #..#.# #.######
#.#.. ####...##.## ##~...
#.#.#..#..@## #~#~#.
##..##.#..#..## #~~~#.
#...####..#...## #≈2##.
##.#.#####.###..### ##°~##
#..#.##..#..##....## #°$###
##.##.##....###.#...#####°#~~#
#..#.###...####.#.#.#.##°#####
##...#.##.⌠.###.####.2..#°#
#..##...#..(##..# ##.#.°.#


You could see a blizzard demon.

Vanquished Creatures
  2 orc warlords (Orc:1)
  Erolcha (D:13)
  3 hydras (Lair:5)
  3 demonspawn (Orc:2)
  A caustic shrike simulacrum (IceCv)
  2 centaur warriors
  A boulder beetle (D:12)
  A catoblepas (Lair:3)
  The ghost of freelancePsychic the Basher, a novice AtAr of Hepliaklqana (D:9)
  A death knight (D:15)
  A two-headed ogre (D:12)
  4 orc high priests (Orc:2)
  Urug (Orc:1)
  Nergalle (D:9)
  A sun demon (Orc:2)
  Sonja (Orc:2)
  A soul eater (Orc:2)
  11 skeletal warriors
  2 goliath frogs (Lair:5)
  A bog body (IceCv)
  6 spriggan simulacra (IceCv)
  An obsidian statue (IceCv)
  Pikel (D:7)
  A mana viper (shapeshifter) (D:13)
  4 orc knights (Orc:2)
  9 orc sorcerers
  6 ugly things
  2 oklob plants
  2 cyclopes (D:15)
  4 manticores
  A merfolk siren (Lair:3)
  An orange demon (Orc:2)
  9 elephants
  2 ice statues (D:15)
  6 black mambas
  2 gargoyles (D:12)
  2 torpor snails
  The ghost of lunkers the Insei, a novice MeTm (D:7)
  15 cane toads
  2 efreet (D:14)
  4 rime drakes
  7 komodo dragons
  A yaktaur (D:15)
  4 freezing wraiths
  The ghost of mandarbmax the Insei, a novice OpTm (D:5)
  14 ice devils (IceCv)
  An unseen horror (D:11)
  2 anaconda simulacra (IceCv)
  A golden dragon simulacrum (IceCv)
  2 tyrant leeches (Lair:5)
  3 merfolk (Lair:3)
  5 trolls
  A hornet (D:9)
  A spectral meliai (D:9)
  12 slime creatures
  A meliai (shapeshifter) (D:13)
  2 polar bears
  21 blink frogs
  6 dream sheep (Lair:5)
  A blink frog (shapeshifter) (D:13)
  2 dire elephant simulacra (IceCv)
  3 shadows
  A spriggan (shapeshifter) (D:13)
  4 wraiths
  A wyvern (D:9)
  5 centaur simulacra
  23 yaks
  3 vampires
  3 minotaur simulacra (IceCv)
  2 basilisks
  A golden eye (shapeshifter) (D:13)
  A chaos spawn (Orc:2)
  A harpy simulacrum (IceCv)
  22 vampire mosquitoes
  A warg (D:9)
  3 nagas (Lair:3)
  15 water moccasins
  Duvessa (D:7)
  An ice beast (D:5)
  A meliai simulacrum (D:9)
  29 orc warriors
  A sky beast (D:4)
  A black bear (Lair:3)
  An alligator simulacrum (IceCv)
  2 ogres
  A wolf (D:15)
  8 centaurs
  A lemure (D:7)
  A phantom (D:4)
  3 kobold brigands
  A scorpion (D:6)
  6 deep troll simulacra (IceCv)
  12 bullfrogs
  2 necrophages
  14 wights
  Dowan (D:7)
  4 howler monkeys
  An electric eel (Lair:5)
  A quasit (D:7)
  5 hounds
  A jelly (D:6)
  25 orc priests
  4 gnoll boudas
  3 iron imps (D:5)
  8 orc wizards
  Natasha (thrice) (D:3)
  2 iguanas
  7 hell rats (Lair:3)
  8 mummies (Ossuary)
  Robin (D:3)
  7 adders
  18 gnolls
  3 shadow imps (D:7)
  7 white imps
  6 ufetubi
  2 worms
  5 dart slugs
  84 orcs
  5 ball pythons
  4 bats
  6 endoplasms
  10 giant cockroaches
  3 gnoll zombies (Ossuary)
  16 goblins
  15 hobgoblins
  2 jackals (D:5)
  2 quokkas (D:4)
  A frilled lizard (D:1)
  2 hobgoblin zombies (Ossuary)
  23 kobolds
  2 kobold zombies (Ossuary)
  An orc zombie (Ossuary)
  5 rats
687 creatures vanquished.

Vanquished Creatures (others)
  An orc wizard (D:5)
  An orc (Orc:2)
  7 demonic plants (D:7)
  9 fungi
  75 plants
93 creatures vanquished.

Grand Total: 780 creatures vanquished

Notes
Turn   | Place    | Note
-------+----------+-------------------------------------------
     0 | D:1      | ReploidZero the Tengu Hunter began the quest for the Orb.
     0 | D:1      | Reached XP level 1. HP: 12/12 MP: 2/2
   141 | D:1      | Reached XP level 2. HP: 17/17 MP: 3/3
   219 | D:1      | Found Dotuwoquuk's General Store.
   269 | D:1      | Reached XP level 3. HP: 22/22 MP: 4/4
   743 | D:2      | Found a radiant altar of Vehumet.
   827 | D:2      | Reached skill level 5 in Ranged Weapons
   827 | D:2      | Reached XP level 4. HP: 27/27 MP: 5/5
  1288 | D:3      | Identified a scroll of acquirement
  1484 | D:3      | Gained mutation: Your magical nature lets you fly swiftly
                  | and evasively. [Tengu growth]
  1484 | D:3      | Reached XP level 5. HP: 32/32 MP: 6/6
  1494 | D:3      | Noticed Robin
  1516 | D:3      | Killed Robin
  1577 | D:3      | Noticed Natasha
  1580 | D:3      | Killed Natasha
  1695 | D:3      | Found an ancient bone altar of Kikubaaqudgha.
  1745 | D:3      | Noticed Natasha
  1747 | D:3      | Killed Natasha
  1811 | D:3      | Found an opulent altar of Gozag.
  1871 | D:3      | Became a worshipper of Gozag Ym Sagoz the Greedy
  2149 | D:3      | Noticed Natasha
  2158 | D:3      | Killed Natasha
  2159 | D:3      | Reached XP level 6. HP: 22/38 MP: 7/7
  2492 | D:4      | Noticed a sky beast
  2496 | D:4      | Killed a sky beast
  2497 | D:4      | Reached skill level 5 in Dodging
  2497 | D:4      | Reached XP level 7. HP: 44/44 MP: 8/8
  2693 | D:4      | Found a glowing silver altar of Zin.
  2863 | D:5      | Entered Level 5 of the Dungeon
  3095 | D:5      | Found a glowing golden altar of the Shining One.
  3096 | D:5      | Found a stormy altar of Qazlal.
  3124 | D:5      | Found a sand-covered staircase.
  3169 | Ossuary  | Entered an ossuary
  3207 | Ossuary  | Reached skill level 5 in Fighting
  3587 | D:5      | Reached XP level 8. HP: 49/49 MP: 9/9
  3605 | D:5      | Identified the ring "Fiturung" {rF+ Int+2 Stlth+}
  3759 | D:5      | Found a large runed translucent door.
  3761 | D:5      | Found a large runed translucent door.
  3770 | D:5      | Noticed mandarbmax's ghost (novice OpTm)
  3798 | D:5      | Found a burning altar of Makhleb.
  3932 | D:5      | Found a sparkling altar of Nemelex Xobeh.
  3984 | D:5      | Found a white marble altar of Elyvilon.
  4023 | D:5      | Noticed a vampire
  4084 | D:5      | Found a shimmering blue altar of Sif Muna.
  4137 | D:5      | Acquired 435 gold pieces
  4139 | D:5      | Acquired a +0 arbalest of flaming
  4150 | D:5      | Found a burning altar of Makhleb.
  4238 | D:5      | Got Sif Muna's Tractate on Concussion
  4431 | D:5      | Killed a vampire
  4738 | D:5      | Killed mandarbmax's ghost
  4781 | D:5      | Gained mutation: Your muscles are strong. (Str +4, Int/Dex
                  | -1) [potion of mutation]
  4781 | D:5      | Gained mutation: You possess an exceptional clarity of
                  | mind. [potion of mutation]
  4829 | D:6      | Reached XP level 9. HP: 49/56 MP: 10/10
  4883 | D:6      | Found a shadowy altar of Dithmenos.
  5973 | D:7      | Noticed Pikel
  5980 | D:7      | Killed Pikel
  5981 | D:7      | Reached XP level 10. HP: 64/64 MP: 11/11
  5981 | D:7      | Found a large runed translucent door.
  5981 | D:7      | Found a large runed translucent door.
  5984 | D:7      | Noticed lunkers's ghost (novice MeTm)
  5993 | D:7      | Found a staircase to the Ecumenical Temple.
  6168 | D:7      | Noticed Duvessa
  6168 | D:7      | Noticed Dowan
  6172 | D:7      | Killed Dowan
  6173 | D:7      | Reached skill level 10 in Ranged Weapons
  6173 | D:7      | Killed Duvessa
  6388 | D:7      | Found a shimmering altar of Xom.
  6413 | D:7      | Found a radiant altar of Vehumet.
  6927 | D:7      | Killed lunkers's ghost
  6954 | Temple   | Entered the Ecumenical Temple
  7648 | D:8      | Reached skill level 10 in Dodging
  8046 | D:9      | Found a staircase to the Orcish Mines.
  8049 | D:9      | Found a white marble altar of Elyvilon.
  8061 | D:9      | Found a runed translucent gate.
  8063 | D:9      | Found a runed translucent gate.
  8064 | D:9      | Found a runed translucent gate.
  8065 | D:9      | Noticed freelancePsychic's ghost (novice AtAr)
  8207 | D:9      | Found an iron altar of Okawaru.
  8320 | D:9      | Found a snail-covered altar of Cheibriados.
  8675 | D:10     | Entered Level 10 of the Dungeon
  8730 | D:10     | Found a broken altar of Ashenzari.
  8953 | D:9      | Reached XP level 11. HP: 61/72 MP: 12/12
  8957 | D:9      | Paralysed by a hornet for 2 turns
  9256 | D:10     | Found a hide-covered altar of Uskayaw.
  9282 | D:10     | Found Catrusong's General Store.
  9285 | D:10     | Bought a scroll of identify for 32 gold pieces
  9285 | D:10     | Bought a scroll of teleportation for 48 gold pieces
  9285 | D:10     | Bought 2 potions of lignification for 96 gold pieces
  9365 | D:10     | Reached skill level 10 in Fighting
  9579 | D:11     | Noticed a manticore
  9581 | D:11     | Killed a manticore
  9608 | D:11     | You are sucked into a shaft and drop 3 floors!
  9815 | D:14     | Noticed a manticore
  9818 | D:14     | Killed a manticore
  9843 | D:13     | Noticed a manticore
  9862 | D:14     | Found a hazy altar of Hepliaklqana.
 10238 | D:13     | Killed a manticore
 10528 | D:13     | Noticed Erolcha
 10543 | D:12     | Noticed a two-headed ogre
 10545 | D:12     | Killed a two-headed ogre
 10932 | D:11     | Noticed a red ugly thing
 10937 | D:11     | Killed a red ugly thing
 11085 | D:11     | Noticed an oklob plant
 11091 | D:11     | Killed an oklob plant
 11092 | D:11     | Reached XP level 12. HP: 69/80 MP: 13/13
 11126 | D:11     | Found a staircase to the Lair.
 11557 | Lair:1   | Entered Level 1 of the Lair of Beasts
 13445 | Lair:3   | Noticed a catoblepas
 13616 | Lair:3   | Reached XP level 13. HP: 56/87 MP: 14/14
 13833 | Lair:3   | Found a staircase to the Shoals.
 13933 | Lair:3   | Found a staircase to the Snake Pit.
 14180 | Lair:3   | You are sucked into a shaft and drop 2 floors!
 14180 | Lair:5   | Entered Level 5 of the Lair of Beasts
 14642 | Lair:4   | Found a viscous altar of Jiyva.
 14642 | Lair:4   | Found a staircase to the Slime Pits.
 14667 | Lair:4   | Got Keneojil's Anthology of Spellbinding and Conjuration
 15529 | Lair:5   | Reached skill level 15 in Ranged Weapons
 15895 | Lair:5   | Reached skill level 15 in Dodging
 16307 | Lair:5   | Reached XP level 14. HP: 95/95 MP: 15/15
 17328 | Orc:1    | Entered Level 1 of the Orcish Mines
 17328 | Orc:1    | Noticed Nergalle
 17338 | D:9      | Killed Nergalle
 17440 | D:9      | Killed freelancePsychic's ghost
 17672 | Orc:2    | Entered Level 2 of the Orcish Mines
 17704 | Orc:1    | Found Zadghamo's Jewellery Boutique.
 17816 | Orc:2    | Found a staircase to the Elven Halls.
 17822 | Orc:2    | Noticed an orc warlord
 17845 | Orc:1    | Noticed an orc warlord
 17852 | Orc:2    | Paralysed by an orc sorcerer for 2 turns
 17981 | Orc:1    | Killed an orc warlord
 17982 | Orc:1    | Reached skill level 1 in Armour
 18447 | Orc:2    | Found Gaiclurgh's Distillery.
 18459 | Orc:2    | Found Seliostri's General Store.
 18630 | Orc:2    | Bought a potion of mutation for 120 gold pieces
 18630 | Orc:2    | Bought a potion of might for 60 gold pieces
 18630 | Orc:2    | Bought a potion of might for 60 gold pieces
 18630 | Orc:2    | Bought a potion of curing for 45 gold pieces
 18630 | Orc:2    | Bought a potion of curing for 45 gold pieces
 18632 | Orc:2    | Bought a phial of floods for 560 gold pieces
 18632 | Orc:2    | Bought a potion of invisibility for 112 gold pieces
 18632 | Orc:2    | Bought a scroll of immolation for 56 gold pieces
 18677 | Orc:2    | Paralysed by an orc sorcerer for 5 turns
 19244 | Orc:2    | Paralysed by an orc sorcerer for 2 turns
 19468 | Orc:2    | Found Fisseg's Antique Weapon Shop.
 19468 | Orc:2    | Found Qaang's Book Boutique.
 19469 | Orc:2    | Found a one-way gate leading to the halls of Pandemonium.
 19475 | Orc:2    | Bought a glowing longbow for 370 gold pieces
 19545 | Orc:2    | Noticed Sonja
 19546 | Orc:2    | Killed Sonja
 20083 | Orc:1    | Killed an orc warlord
 20084 | Orc:1    | Reached skill level 15 in Fighting
 20084 | Orc:1    | Reached XP level 15. HP: 59/103 MP: 16/16
 20249 | Orc:1    | Noticed Urug
 20255 | Orc:1    | Killed Urug
 20446 | Orc:1    | Bought the amulet of the Cricket {Reflect rElec rN+ Str-5
                  | SH+5} for 603 gold pieces
 20839 | D:12     | Reached skill level 5 in Armour
 21642 | D:13     | Killed Erolcha
 21879 | D:13     | Found a gate to the Vaults.
 22101 | D:13     | Bought a steaming leather armour for 210 gold pieces
 22101 | D:13     | Identified the +2 leather armour of Good Intentions {rPois
                  | rF+ MP+9} (You bought it in a shop on level 13 of the
                  | Dungeon)
 22101 | D:13     | Bought a jewelled scale mail for 270 gold pieces
 22101 | D:13     | Identified the +1 scale mail of Wu Jian's Whim {rF+ rC-
                  | Dex+2} (You bought it in a shop on level 13 of the Dungeon)
 22101 | D:13     | Bought a smoking scale mail for 270 gold pieces
 22101 | D:13     | Identified the +4 scale mail of Wigeteenn {+Blink Will+
                  | Dex+2} (You bought it in a shop on level 13 of the Dungeon)
 23137 | D:15     | Entered Level 15 of the Dungeon
 23338 | D:15     | Found a frozen archway.
 23470 | IceCv    | Entered an ice cave
 23598 | IceCv    | Found the +4 skin of Zhor {*Englaciate rC+++ SInv}
 24128 | IceCv    | Identified the +1 pair of boots of Thoughtfulness {Drain
                  | rElec rPois rF+}
 24210 | IceCv    | Killed from afar by a blizzard demon

Illustrated notes

Levels and vault maps discovered:
D:1:      dpeg_arrival_more_subterranean_lakeside_camping, layout_basic,
          serial_shops, nicolae_shop_hallway_plus,
          amcnicky_mini_rare_corridor_liquid
D:2:      layout_basic, basic_altar
D:3:      layout_basic, grunt_gozag_breadcrumbs,
          nicolae_kikubaaqudgha_miasma_corner, serial_bayou_pond_b,
          nicolae_eternal_life, uniq_natasha, uniq_robin
D:4:      minmay_diamond_boxcup, layout_rooms,
          mainiacjoe_overflow_concentric_impassable
D:5:      layout_basic, kennysheep_mini_moat, demons_altar,
          mainiacjoe_overflow_divided_tiny, led_sif_book,
          nicolae_ossuary_entry_false_entrances, ebering_ghost_disaster_area,
          hangedman_feature_mirror
D:6:      layout_basic, nicolae_dithmenos_through_a_glass_darkly
D:7:      layout_basic, mainiacjoe_overflow_swirl, minmay_temple_entry_junction,
          ebering_ghost_disaster_area, serial_demonic, serial_demonic_a,
          serial_demonic_f, serial_demonic_a, serial_demonic_f,
          serial_demonic_g, serial_demonic_f, serial_demonic_e,
          serial_demonic_g, uniq_duvessa, uniq_pikel
D:8:      layout_cave_pods, special_room [special_room_orc],
          nicolae_figureground_pulse, uniq_psyche
D:9:      layout_basic, lemuel_round_altar, okawaru_gym_becter,
          lemuel_coloured_pillars_altar, orc_0_dummy, gammafunk_ghost_necromancy
D:10:     layout_cave_pools, mainiacjoe_overflow_surrounded_room,
          ashenzari_conservatory_becter, serial_shops,
          nicolae_shop_behind_doors, mrwooster_statue_mirror
D:11:     layout_roguey, dpeg_oklobed_lair
D:12:     layout_rooms, grunt_ministairs_13
D:13:     layout_loops_cross, david_vaults_2, uniq_erolcha
D:14:     layout_grid_maze, nicolae_hepliaklqana_hazy_memory
D:15:     gammafunk_enter_depths_forms, layout_small_grid, serial_ice,
          serial_ice_k, serial_ice_a, serial_ice_c, serial_ice_e, serial_ice_d,
          portal_ice_cave_entry_ice_statue_two,
          nicolae_concentric_dashed_squares_wild
Temple:   nicolae_temple_two_arcs
Lair:1:   layout_roguey
Lair:2:   layout_regular_city
Lair:3:   layout_loops_ring, elwin_shoals_entry_stream,
          guppyfry_snake_entry_garden
Lair:4:   layout_regular_city, dpeg_slime_entry_enclosed, dpeg_oklob_1
Lair:5:   minmay_lair_end_frog_pond, layout_hall_layers
Orc:1:    layout_caves, serial_shops, nicolae_shop_behind_doors, uniq_nergalle,
          uniq_urug
Orc:2:    pf_orc_diabolical, layout_diamond_mine, nicolae_orc_lava_tube,
          nicolae_orc_stony_grotto, minmay_orc_temple_b, uniq_sonja
IceCv:    ice_cave_caverns_03

Skill      XL: |  1  2  3  4  5  6  7  8  9 10 11 12 13 14 15 |
---------------+----------------------------------------------+-----
Dodging        | 3 4 5 7 9 10 12 13 15 16 17 | 17.2
Ranged Weapons | 5 6 7 8 9 11 12 14 15 16 17 | 17.6
Fighting       | 3 4 5 6 8 9 11 12 13 15 | 15.9
Armour         | 4 7 |  7.7
Stealth        | |  1.0

Action                   |  1- 3 |  4- 6 |  7- 9 | 10-12 | 13-15 || total
-------------------------+-------+-------+-------+-------+-------++-------
 Fire: Shortbow          |    76 |   191 |   182 |       |       ||   449
       Arbalest          |       |       |   148 |   503 |  1021 ||  1672
Invok: Call Merchant     |       |       |       |       |     2 ||     2
Evoke: Wand              |       |       |       |       |    15 ||    15
       Phial of floods   |       |       |       |       |     1 ||     1
  Use: Scroll            |       |     6 |    13 |     7 |    12 ||    38
       Potion            |       |       |     6 |     2 |     8 ||    16
Armor: Leather armour    |     8 |    41 |    34 |    29 |    43 ||   155
       Skin              |       |       |     8 |    19 |     2 ||    29
Dodge: Dodged            |    13 |    90 |   145 |   354 |   606 ||  1208
Block: Other             |       |       |       |       |    46 ||    46
       Reflection        |       |       |       |       |     5 ||     5

Table legend: (Time is in decaauts)
 A = Elapsed time spent in this place.
 B = Non-inter-level travel time spent in this place.
 C = Inter-level travel time spent in this place.
 D = Time resting spent in this place.
 E = Time spent auto-exploring this place.
 F = Levels seen in this place.
 G = Mean time per level.
                   A        B        C        D        E       F      G
               +--------+--------+--------+--------+--------+-----+--------+
         Total |  23365 |  21917 |   1448 |      3 |  17443 |  25 |  934.6 |
       Dungeon |  13903 |  12917 |    986 |      3 |  10327 |  15 |  926.9 |
        Temple |     99 |     87 |     12 |      0 |     81 |   1 |   99.0 |
          Lair |   5507 |   5281 |    226 |      0 |   4388 |   5 | 1101.4 |
  Orcish Mines |   2786 |   2563 |    223 |      0 |   1968 |   2 | 1393.0 |
       Ossuary |    341 |    341 |      0 |      0 |    218 |   1 |  341.0 |
      Ice Cave |    728 |    728 |      0 |      0 |    459 |   1 |  728.0 |
               +--------+--------+--------+--------+--------+-----+--------+

Top non-repeatable levels by time:
   Orc:2: 1934 daAuts
     D:5: 1659 daAuts
  Lair:4: 1624 daAuts
    D:14: 1505 daAuts
    D:11: 1341 daAuts
     D:7: 1187 daAuts
  Lair:5: 1173 daAuts
  Lair:2: 1101 daAuts
     D:3: 1043 daAuts
     D:9: 1015 daAuts
     D:8: 890 daAuts
    D:13: 863 daAuts
   Orc:1: 851 daAuts
  Lair:3: 828 daAuts
     D:1: 808 daAuts
